 Dungeon Crawl Stone Soup version 0.18-a0-1044-g2bb894f (webtiles) character file.

111 Grimmtusk the Conjurer (level 4, -1/33 HPs)
             Began as a Draconian Conjurer on Jan 11, 2016.
             Slain by Leibowitz's ghost (4 damage)
             ... on level 3 of the Dungeon.
             The game lasted 00:18:54 (2568 turns).

Grimmtusk the Conjurer (Draconian Conjurer)         Turns: 2568, Time: 00:18:55

Health: -1/33      AC:  5    Str: 10    XL:     4   Next: 62%
Magic:  1/8        EV: 12    Int: 22    God:
Gold:   142        SH:  0    Dex: 12    Spells: 1 memorised, 7 levels left

rFire  . . .     SeeInvis .     e - +0 mace (drain)
rCold  . . .     Gourm    .     (armour unavailable)
rNeg   . . .     Faith    .     (no shield)
rPois  .         Spirit   .     (helmet restricted)
rElec  .         Dismiss  .     (no cloak)
rCorr  .         Reflect  .     (no gloves)
SustAt .         Harm     .     (no boots)
MR     .....                    (no amulet)
Stlth  ++........               (no ring)
                                p - +6 ring of intelligence

@: not resistant to hostile enchantments, unstealthy
A: unfitting armour, cold-blooded, AC +5
a: no special abilities


You were on level 3 of the Dungeon.
You were not hungry.

You visited 1 branch of the dungeon, and saw 3 of its levels.

You collected 142 gold pieces.

Inventory:

Hand Weapons
 c - a +0 dagger
 d - a +0 club
 e - a +0 mace of draining (weapon)
Missiles
 m - 18 poisoned needles
 r - 5 curare-tipped needles
Jewellery
 p - a +6 ring of intelligence (left hand)
Scrolls
 n - a scroll of noise
 s - a scroll of random uselessness
Potions
 h - a potion of brilliance {unknown}
 j - 2 potions of curing {unknown}
 k - 3 potions of heal wounds {unknown}
 l - a potion of resistance {unknown}
Books
 a - a book of Conjurations

   Spells                             Type                      Level
   a - Magic Dart                     Conjuration                  1
   b - Searing Ray                    Conjuration                  2
   c - Dazzling Spray                 Conjuration/Hexes            3
   d - Fulminant Prism                Conjuration/Hexes            4
   e - Iskenderun's Mystic Blast      Conjuration                  4
   f - Iskenderun's Battlesphere      Conjuration/Charms           5
Comestibles
 b - 3 bread rations
 f - 2 fruits
 g - 5 chunks of flesh
 i - 2 slices of pizza


   Skills:
 - Level 0.2 Fighting
 - Level 1.7 Dodging
 - Level 1.7 Stealth
 + Level 2.8 Spellcasting
 + Level 5.6 Conjurations


You had 7 spell levels left.
You knew the following spells:

 Your Spells              Type           Power        Failure   Level  Hunger
a - Magic Dart            Conj           ####         1%          1    None


Dungeon Overview and Level Annotations

Branches:
Dungeon (3/15)

Altars:
Pakellas

Annotations:
D:3 Leibowitz's ghost, amateur DgAs


Innate Abilities, Weirdness & Mutations

Your plain brown scales are hard (AC +5).
Your body does not fit into most forms of armour.
You are cold-blooded and may be slowed by cold attacks.


Message History

Casting: Magic Dart
Confirm with . or Enter, or press ? or * to list all spells.
Aiming: Magic Dart
Press: ? - help, Shift-Dir - straight line, f/p - Leibowitz's ghost
Aim: Leibowitz's ghost, wielding a weapon of flaming (heavily damaged)
The magic dart hits the giant gecko.
The giant gecko is moderately wounded.
The giant gecko misses you.
Casting: Magic Dart
Confirm with . or Enter, or press ? or * to list all spells.
Aiming: Magic Dart
Press: ? - help, Shift-Dir - straight line, f - giant gecko, p - Leibowitz's ghost
Aim: a giant gecko (moderately wounded, clinging)
The magic dart hits the giant gecko.
You kill the giant gecko!
There is a stone staircase leading down here.
Leibowitz's ghost hits you!
* * * LOW HITPOINT WARNING * * *
Leibowitz's ghost burns you.
You die...

### .. #. #.########
######## #. #........#
#.......
#####'###........####.......
#.........>@.....'..'.......
#........#W......####.......
#........#.......# #...)...
#........#.###.######.......
#........#†# #.# #....#####.
#......W..# #.# #.()....##.
#....###### #.###.......##.
#....# #...........##.
#....# ###........+..


You could see Leibowitz's ghost.

Vanquished Creatures
  3 gnolls (D:2)
  2 adders (D:3)
  A worm (D:3)
  4 giant geckos
  4 orcs (D:3)
  2 giant cockroaches (D:1)
  8 goblins
  6 hobgoblins
  4 kobolds
  3 quokkas
  6 bats
  9 rats
52 creatures vanquished.

Notes
Turn   | Place    | Note
--------------------------------------------------------------
     0 | D:1      | Grimmtusk the Draconian Conjurer began the quest for the Orb.
     0 | D:1      | Reached XP level 1. HP: 14/14 MP: 3/3
   331 | D:1      | Reached XP level 2. HP: 14/20 MP: 0/5
  1077 | D:2      | Reached XP level 3. HP: 26/26 MP: 0/6
  1161 | D:2      | Found an oddly glowing altar of Pakellas.
  1338 | D:2      | Reached skill level 5 in Conjurations
  2059 | D:2      | Reached XP level 4. HP: 31/33 MP: 0/7
  2541 | D:3      | Noticed Leibowitz's ghost (amateur DgAs)
  2568 | D:3      | Slain by Leibowitz's ghost

Vault maps used:
D:1:      dpeg_arrival_refuge
D:2:      grunt_pakellas_salt, first_bread

Action                   |  1- 3 |  4- 6 || total
-------------------------+-------+-------++-------
Melee: Dagger            |    18 |       ||    18
       Unarmed           |     1 |       ||     1
       Club              |     8 |       ||     8
       Spear             |    11 |    14 ||    25
       Mace              |       |     8 ||     8
 Cast: Magic Dart        |    76 |    36 ||   112
  Use: Scroll            |     4 |     2 ||     6
  Eat: Chunk             |     3 |       ||     3
       Meat ration       |     1 |       ||     1
